 Dungeon Crawl Stone Soup version 0.31.0-32-g396128a36d (webtiles) character file.

Game seed: 2840456058206561838

122576 Curundu the Severer (level 16, 0/235 HPs)
             Began as a Minotaur Berserker on Apr 22, 2024.
             Was the Champion of Trog.
             Succumbed to a naga ritualist's toxic radiance
             ... on level 2 of the Snake Pit.
             The game lasted 01:18:01 (23629 turns).

Curundu the Severer (Minotaur Berserker)           Turns: 23629, Time: 01:18:02

Health: 0/235      AC: 26    Str: 35    XL:     16   Next: 35%
Magic:  9/15       EV:  9    Int:  4    God:    Trog [******]
Gold:   974        SH: 25    Dex: 11    Spells: 15/15 levels left

rFire   . . .        c - +5 broad axe (heavy)
rCold   . . .        K - +1 tower shield
rNeg    . . .        l - +1 plate armour {rPois}
rPois   .            Q - +2 hat {Stlth+}
rElec   .            d - +0 cloak
rCorr   +            a - +0 pair of gloves
SInv    .            e - +2 pair of boots
Will    +....        n - amulet of reflection Stlth
                     H - ring "Dorphi Saniu" {rCorr AC+4}
HPRegen 0.59/turn    L - +6 ring of strength
MPRegen 0.14/turn

%: reflection
@: berserking (expiring), lethally poisoned (0 -> -1), poison vulnerable, very
quick
A: horns 2, retaliatory headbutt, deformed body
a: Renounce Religion, Berserk, Trog's Hand, Brothers in Arms


You were on level 2 of the Snake Pit.
You worshipped Trog.
Trog was exalted by your worship.
You visited 4 branches of the dungeon, and saw 24 of its levels.

You collected 1937 gold pieces.
You spent 963 gold pieces at shops.

Inventory:

Hand Weapons
 c - a +5 heavy broad axe (weapon)
 m - the +11 Singing Sword {sonic wave}
   (You took it off a vault guard on level 14 of the Dungeon)
 N - a +4 scimitar of flaming
Missiles
 b - a throwing net
 j - 8 boomerangs (quivered)
Armour
 a - a +0 pair of gloves (worn)
 d - a +0 cloak (worn)
 e - a +2 pair of boots (worn)
 l - a +1 plate armour of poison resistance (worn)
 y - the +8 orange crystal plate armour {Archmagi, Int+3 Clar}
   (You found it on level 5 of the Dungeon)

   Int+3:     It affects your intelligence (+3).
   Clar:      It protects you from confusion, rage, mesmerisation and fear.
 K - a +1 tower shield (worn)
 Q - a +2 hat of stealth (worn)
Jewellery
 n - an amulet of reflection (around neck)
 w - a ring of willpower
 D - a ring of protection from fire
 H - the ring "Dorphi Saniu" (left hand) {rCorr AC+4}
   (You acquired it on level 10 of the Dungeon)

   [ring of protection]

   AC+4:      It affects your AC (+4).
   rCorr:     It protects you from acid and corrosion.
 L - a +6 ring of strength (right hand)
Wands
 k - a wand of polymorph (27)
 p - a wand of paralysis (27)
 r - a wand of flame (35)
 z - a wand of light (19)
 G - a wand of iceblast (7)
 M - a wand of digging (1)
Scrolls
 g - 2 scrolls of fog
 i - 7 scrolls of revelation
 o - a scroll of poison
 s - 4 scrolls of teleportation
 u - 2 scrolls of blinking
 x - a scroll of fear
 F - 13 scrolls of identify
 I - 2 scrolls of brand weapon {unknown}
 O - 2 scrolls of vulnerability
 R - a scroll of torment
 S - a scroll of immolation
Potions
 f - 11 potions of curing
 h - 4 potions of might
 q - 3 potions of heal wounds
 v - a potion of haste {unknown}
 A - 2 potions of berserk rage
 C - 3 potions of attraction
 E - 2 potions of mutation
 J - 3 potions of enlightenment
 P - 2 potions of resistance
Miscellaneous
 B - a lightning rod (4/4)


   Skills:
 * Level 18.2 Fighting
 - Level 2.4 Long Blades
 + Level 18.6 Axes
 * Level 16.5 Armour
 + Level 4.4 Dodging
 - Level 1.0 Stealth
 + Level 17.7 Shields


You had 15 spell levels left.
You didn't know any spells.
Your spell library was empty.

Dungeon Overview and Level Annotations

Branches:
Dungeon (15/15)            Temple (0/1) D:7            Lair (5/5) D:10
 Shoals (0/4) Lair:2        Snake (2/4) Lair:3        Slime (0/5) Lair:5
    Orc (2/2) D:10            Elf (0/3) Orc:2        Vaults (0/5) D:14
 Depths (0/4) D:15

Altars:
Fedhas
Hepliaklqana
Okawaru
Ru
Vehumet
Jiyva

Shops:
D:9 [=   D:10 (   D:14 =   Orc:2 [[**   Snake:1 *

Annotations:
Lair:1 2 transporters, Xolotl's ghost, journeyman DsCA


Innate Abilities, Weirdness & Mutations

You have a pair of horns on your head.
You reflexively headbutt those who attack you in melee.
Armour fits poorly on your strangely shaped body.


Message History

The air sparks with electricity, shocking you!
* * * LOW HITPOINT WARNING * * *
You feel sick.
You hear a shout!
You block the anaconda's attack. The anaconda constricts you.
* * * LOW HITPOINT WARNING * * *
The naga warrior barely misses you.
You slice the anaconda!! You headbutt the anaconda!
You kill the anaconda!
Trog accepts your kill.
You feel sick. You block the naga warrior's attack.
You feel sick.
You feel a strong urge to attack something.
You feel sick.
The naga warrior hits you with a +0 halberd!
* * * LOW HITPOINT WARNING * * *
You block the naga warrior's attack.
You slice the naga warrior!!
The naga warrior is heavily wounded.
The naga warrior spits poison at you.
You block the splash of poison... and reflect it back!
The splash of poison hits the naga warrior.
You slash the naga warrior! You headbutt the naga warrior!
The naga warrior is severely wounded.
* * * LOW HITPOINT WARNING * * *
You feel sick.
Unknown command.
You carve the naga warrior like a ham!!!
You kill the naga warrior!
Trog accepts your kill.
* * * LOW HITPOINT WARNING * * *
You feel sick.
A naga comes into view. It is wielding a +0 dire flail.
Things that are here:
a +0 halberd; a naga corpse You feel a strong urge to attack something.
* * * LOW HITPOINT WARNING * * *
You feel sick.
Unknown command.
You die...

..........)....'....
#....>....†.†.####.
#............# #.
##.....#.....# #.
##....†###+#### #.
##..)†.[# #.
#...).).+ ..
#.....).+ #..@....#
#......## #.....##
.'....## ###...##
....N ...... .......


You could see a naga.

Vanquished Creatures
  Gastronok (Lair:3)
  Kirke (D:14)
  A nagaraja (Snake:2)
  Azrael (D:14)
  6 hydras
  2 rakshasas (D:15)
  4 vault guards (D:14)
  2 boulder beetles
  12 anacondas
  3 catoblepae
  2 centaur warriors
  9 death yaks
  6 two-headed ogres
  5 naga warriors
  3 orc high priests (Orc:2)
  5 tengu warriors
  5 shock serpents
  A naga sharpshooter (Snake:2)
  An occultist (D:15)
  5 skysharks
  Sonja (D:10)
  5 mana vipers
  2 naga ritualists
  A sea snake (Snake:2)
  A glowing orange brain (D:15)
  An obsidian statue (D:15)
  6 orc knights
  A lindwurm (shapeshifter) (D:15)
  18 ugly things
  3 deep elf pyromancers
  5 orc sorcerers (Orc:2)
  4 salamanders
  3 cyclopes
  Maurice (D:7)
  3 manticores
  Joseph (D:9)
  24 black mambas
  A kobold blastminer (Orc:2)
  3 naga magi (Snake:1)
  2 guardian serpents
  2 gargoyles (D:7)
  16 cane toads
  An unseen horror (D:11)
  A torpor snail (Lair:4)
  A kobold demonologist (D:11)
  A yaktaur (D:15)
  Maggie (D:7)
  4 efreet
  13 komodo dragons
  3 tengu conjurers
  7 trolls
  2 polar bears
  3 tyrant leeches (Lair:5)
  A snapping turtle (Lair:2)
  25 blink frogs
  22 slime creatures
  A centaur simulacrum (D:13)
  Sigmund (D:2)
  A water elemental (Lair:2)
  3 wraiths
  Grum (D:8)
  6 wargs
  40 yaks
  3 wyverns
  4 hogs (D:14)
  4 basilisks
  A fire elemental (D:14)
  13 vampire mosquitoes
  A steam dragon (D:8)
  9 water moccasins
  3 hell hounds (D:14)
  An acid dragon (D:11)
  12 nagas
  16 orc warriors
  2 black bears
  3 sky beasts (D:7)
  An ice beast (D:7)
  A black bear (shapeshifter) (D:15)
  2 laughing skulls (D:15)
  15 wolves
  6 centaurs
  7 ogres
  A phantom (D:4)
  The ghost of Crownous the Shooter, an amateur DEHu (D:3)
  23 bullfrogs
  3 gnoll sergeants
  2 scorpions
  9 killer bees
  6 electric eels
  7 howler monkeys
  A bombardier beetle (D:5)
  15 hounds
  13 orc priests
  A jelly (D:7)
  A gnoll bouda (D:10)
  4 iguanas
  17 orc wizards
  2 sleepcaps
  4 hell rats (Lair:5)
  24 gnolls
  2 adders
  3 shadow imps
  2 ufetubi (D:6)
  2 dart slugs
  53 orcs
  4 bats
  5 endoplasms
  6 giant cockroaches
  A goblin (D:4)
  8 hobgoblins
  6 jackals
  4 ball pythons (D:4)
  4 frilled lizards
  9 kobolds
  2 rats
666 creatures vanquished.

Vanquished Creatures (others)
  A deep elf pyromancer (D:14)
  A human (D:14)
2 creatures vanquished.

Grand Total: 668 creatures vanquished

Notes
Turn   | Place    | Note
-------+----------+-------------------------------------------
     0 | D:1      | Curundu the Minotaur Berserker began the quest for the Orb.
     0 | D:1      | Reached XP level 1. HP: 19/19 MP: 0/0
   146 | D:1      | Reached XP level 2. HP: 10/27 MP: 1/1
   536 | D:2      | Reached XP level 3. HP: 30/33 MP: 2/2
   601 | D:2      | Found a faded altar of an unknown god.
   840 | D:2      | Reached ** piety under Trog
   889 | D:2      | Noticed Sigmund
   906 | D:2      | Killed Sigmund
   907 | D:2      | Reached skill level 5 in Fighting
   907 | D:2      | Reached skill level 5 in Axes
   907 | D:2      | Reached XP level 4. HP: 26/42 MP: 3/3
   907 | D:2      | Reached XP level 5. HP: 30/48 MP: 4/4
  1530 | D:3      | Noticed Crownous's ghost (amateur DEHu)
  1531 | D:3      | Found a runed translucent door.
  1908 | D:3      | Killed Crownous's ghost
  1909 | D:3      | Reached XP level 6. HP: 56/56 MP: 5/5
  2657 | D:4      | Reached XP level 7. HP: 54/61 MP: 6/6
  2882 | D:5      | Entered Level 5 of the Dungeon
  3510 | D:5      | Found the +8 orange crystal plate armour {Archmagi, Int+3
                  | Clar}
  3716 | D:6      | Reached XP level 8. HP: 71/71 MP: 7/7
  3834 | D:6      | Reached skill level 1 in Shields
  3950 | D:6      | Reached skill level 5 in Armour
  4504 | D:7      | Noticed Maurice
  4533 | D:7      | Something stole 273 gold
  4537 | D:7      | Something stole a +6 ring of intelligence
  4545 | D:7      | Killed Maurice
  4546 | D:7      | Reached skill level 10 in Axes
  4546 | D:7      | Reached XP level 9. HP: 42/81 MP: 8/8
  4773 | D:7      | Found a blossoming altar of Fedhas.
  4783 | D:7      | Found a radiant altar of Vehumet.
  4919 | D:7      | Reached *** piety under Trog
  4992 | D:7      | Found a hazy altar of Hepliaklqana.
  5004 | D:7      | Noticed a troll
  5004 | D:7      | Noticed a gargoyle
  5017 | D:7      | Killed a gargoyle
  5026 | D:7      | Killed a troll
  5184 | D:7      | Noticed Maggie
  5196 | D:7      | Killed Maggie
  5252 | D:7      | Noticed a cyclops
  5257 | D:7      | Killed a cyclops
  5258 | D:7      | Reached XP level 10. HP: 76/90 MP: 9/9
  5263 | D:7      | Noticed a gargoyle
  5274 | D:7      | Killed a gargoyle
  5275 | D:7      | Reached skill level 5 in Shields
  5297 | D:7      | Noticed a cyclops
  5547 | D:7      | Found a sacrificial altar of Ru.
  5606 | D:7      | Found a staircase to the Ecumenical Temple.
  6185 | D:8      | Noticed Grum
  6194 | D:8      | Killed Grum
  6778 | D:9      | Found Misos's Antique Armour Shop.
  7021 | D:9      | Noticed Joseph
  7038 | D:9      | Killed Joseph
  7205 | D:9      | Found Hiffiot's Jewellery Boutique.
  7259 | D:9      | Reached **** piety under Trog
  7580 | D:9      | Identified the +1 leather armour "Ygos" {-Tele rCorr Str+2}
  7783 | D:10     | Entered Level 10 of the Dungeon
  7895 | D:10     | Found Bafa's Weapon Shop.
  7896 | D:10     | Found a staircase to the Orcish Mines.
  8068 | D:10     | Noticed Sonja
  8080 | D:10     | Killed Sonja
  8081 | D:10     | Reached XP level 11. HP: 23/99 MP: 10/10
  8463 | D:10     | Identified a scroll of acquirement
  8463 | D:10     | Acquired the ring "Dorphi Saniu" {rCorr AC+4}
  8495 | D:10     | Noticed a two-headed ogre
  8509 | D:10     | Killed a two-headed ogre
  8510 | D:10     | Reached skill level 10 in Fighting
  8510 | D:10     | Reached skill level 1 in Stealth
  8677 | D:10     | Found a staircase to the Lair.
  9217 | D:11     | Noticed a cyan ugly thing
  9228 | D:11     | Killed a cyan ugly thing
  9528 | D:11     | Reached skill level 15 in Axes
  9808 | D:12     | Reached skill level 10 in Armour
  9815 | D:12     | Noticed a two-headed ogre
  9826 | D:12     | Killed a two-headed ogre
 10123 | D:12     | Reached XP level 12. HP: 97/108 MP: 11/11
 10409 | D:12     | Reached ***** piety under Trog
 10580 | D:13     | Noticed a centaur warrior
 10586 | D:13     | Killed a centaur warrior
 10903 | D:13     | Noticed a tengu warrior
 10904 | D:13     | Noticed a tengu warrior
 10918 | D:13     | Killed a tengu warrior
 10919 | D:13     | Reached skill level 10 in Shields
 10930 | D:13     | Killed a tengu warrior
 11136 | D:13     | Found an iron altar of Okawaru.
 11136 | D:13     | Noticed a tengu reaver
 11136 | D:13     | Noticed a tengu reaver
 11136 | D:13     | Noticed a tengu warrior
 11136 | D:13     | Noticed a tengu warrior
 11136 | D:13     | Noticed a two-headed ogre
 11136 | D:13     | Noticed an ettin
 11136 | D:13     | Noticed an ettin
 11136 | D:13     | Noticed a two-headed ogre
 11143 | D:13     | Killed a two-headed ogre
 11144 | D:13     | Killed a two-headed ogre
 11150 | D:13     | Killed a tengu warrior
 11157 | D:13     | Killed a tengu warrior
 11239 | D:13     | Noticed a catoblepas
 11257 | D:13     | Killed a catoblepas
 11783 | D:14     | Noticed a boulder beetle
 11787 | D:14     | Noticed Azrael
 11805 | D:14     | Killed Azrael
 12220 | D:14     | Reached XP level 13. HP: 88/119 MP: 12/12
 12712 | D:14     | Found Ydiogoh's Jewellery Shoppe.
 12715 | D:14     | Bought a +6 ring of strength for 648 gold pieces
 12836 | D:14     | Received a gift from Trog
 13066 | D:14     | Reached skill level 1 in Long Blades
 13162 | D:14     | Noticed Kirke
 13180 | D:14     | Killed Kirke
 13407 | D:14     | Found a gate to the Vaults.
 13602 | D:15     | Entered Level 15 of the Dungeon
 14138 | D:15     | Reached XP level 14. HP: 133/133 MP: 13/13
 14206 | D:15     | Found a staircase to the Depths.
 14321 | D:15     | Gained mutation: Armour fits poorly on your strangely
                  | shaped body. [a neqoxec]
 14439 | D:15     | Reached skill level 15 in Fighting
 15260 | Orc:1    | Entered Level 1 of the Orcish Mines
 15365 | Orc:2    | Entered Level 2 of the Orcish Mines
 15390 | Orc:2    | Found a staircase to the Elven Halls.
 16063 | Orc:2    | Found Tunarar's Armour Boutique.
 16063 | Orc:2    | Found Simpyku's Armour Emporium.
 16065 | Orc:2    | Found Ocusilus's Assorted Antiques.
 16065 | Orc:2    | Found Sichunif's General Store.
 16759 | Orc:1    | Received a gift from Trog
 17154 | Lair:1   | Entered Level 1 of the Lair of Beasts
 17357 | Lair:1   | Found a transporter.
 17364 | Lair:1   | Noticed Xolotl's ghost (journeyman DsCA)
 17382 | Lair:1   | Found a transporter.
 18294 | Lair:2   | Reached skill level 15 in Shields
 18774 | Lair:2   | Found a staircase to the Shoals.
 18985 | Lair:3   | Found a staircase to the Snake Pit.
 19337 | Lair:3   | Noticed Gastronok
 19346 | Lair:3   | Killed Gastronok
 19347 | Lair:3   | Reached XP level 15. HP: 144/144 MP: 14/14
 20340 | Lair:4   | Received a gift from Trog
 20430 | Lair:5   | Entered Level 5 of the Lair of Beasts
 20554 | Lair:5   | Reached skill level 15 in Armour
 20799 | Lair:5   | Found a staircase to the Slime Pits.
 20801 | Lair:5   | Found a viscous altar of Jiyva.
 21225 | Lair:5   | Reached ****** piety under Trog
 21880 | Snake:1  | Entered Level 1 of the Snake Pit
 22143 | Snake:1  | Received a gift from Trog
 22382 | Snake:1  | Found Azypsapt's Assorted Antiques.
 22553 | Snake:1  | Bought a scroll of enchant weapon for 315 gold pieces
 22934 | Snake:1  | Reached XP level 16. HP: 145/157 MP: 15/15
 23093 | Snake:1  | Found an iron altar of Okawaru.
 23623 | Snake:2  | HP: 2/235 [naga warrior/+0 halberd (17)]
 23628 | Snake:2  | HP: 1/235 [poisoned by a naga ritualist (toxic radiance)]
 23629 | Snake:2  | Succumbed to a naga ritualist's toxic radiance

Illustrated notes

Levels and vault maps discovered:
D:1:      eino_arrival_water_cross, layout_rooms
D:2:      layout_loops_cross, nicolae_ecumenical_oubliette,
          minmay_worlds_worst_comb, uniq_sigmund
D:3:      layout_loops_ring, hellmonk_ghost_happy_afterlife
D:4:      layout_loops_corners
D:5:      layout_rooms
D:6:      layout_loops_ring
D:7:      layout_cave_pools, nicolae_overflow_quartered_altars, temple_hall,
          minmay_shattered_shrine, uniq_maggie, uniq_maurice
D:8:      layout_cave_pools, serial_gnoll_camp, gnoll_camp_mini_loothouse,
          grums_kennel, gnoll_camp_mini_sergeant, gnoll_camp_mini_doghouse,
          minmay_gold_behind_fungi
D:9:      layout_stronghold, serial_shops, nicolae_lakefront_shop,
          nicolae_shop_gaudy_bauble, uniq_joseph
D:10:     layout_irregular_city, david_lair_shrubbed, orc_david_3, uniq_sonja
D:11:     layout_loops_ring
D:12:     layout_loops_ring
D:13:     layout_roguey, st_stairs_2, mainiacjoe_okawaru_digging_arena
D:14:     layout_cave_pods, lightli_vaults_fourway_checkpoint,
          minmay_shop_enchanted_jewellery, uniq_kirke, uniq_azrael
D:15:     gammafunk_enter_depths_forms, layout_rooms, minivault_16
Lair:1:   layout_regular_city, gammafunk_ghost_berserking_beasts
Lair:2:   layout_cave_pods, minmay_shoals_entry_hut, fungi_pond_lemuel,
          grunt_megastairs_3
Lair:3:   layout_chaotic_city, guppyfry_snake_entry_island, uniq_gastronok
Lair:4:   layout_gridlike, infiniplex_staircase_pool_2, lemuel_fruit_fields
Lair:5:   minmay_lair_end_frog_pond, layout_cave_pods, slime_entry_1
Snake:1:  layout_misc_corridors, basic_altar, serial_shops, shop,
          serial_library_hellmonk_small_alcove
Snake:2:  minmay_snake_river, layout_gridlike, basic_altar, uniq_asterion
Orc:1:    layout_caves, nooodl_orcs_dogs
Orc:2:    grunt_orc_tribal_feast, layout_diamond_mine

Skill      XL: |  1  2  3  4  5  6  7  8  9 10 11 12 13 14 15 16 |
---------------+-------------------------------------------------+-----
Fighting       | 4 5 6 7 8 9 10 12 14 16 17 18 | 18.2
Axes           | 4 5 6 7 8 10 12 13 15 16 17 18 | 18.6
Dodging        | 3 4 |  4.4
Armour         | 3 4 6 7 9 10 12 13 14 16 | 16.5
Shields        | 3 4 7 9 11 13 15 16 17 | 17.7
Stealth        | 1 |  1.0
Long Blades    | 2 |  2.4

Action                     |  1- 3 |  4- 6 |  7- 9 | 10-12 | 13-15 | 16-18 || total
---------------------------+-------+-------+-------+-------+-------+-------++-------
  Melee: Hand axe          |    68 |    51 |   239 |       |       |       ||   358
         Headbutt          |    11 |    10 |    54 |   116 |   183 |    14 ||   388
         War axe           |       |       |    28 |   586 |   412 |       ||  1026
         Scimitar          |       |       |       |       |    52 |       ||    52
         Double sword      |       |       |       |       |    18 |       ||    18
         Broad axe         |       |       |       |       |   394 |    59 ||   453
 Invoke: Trog's Hand       |     1 |     1 |     5 |     4 |     7 |       ||    18
         Berserk           |       |     2 |     3 |     5 |     6 |     1 ||    17
    Use: Scroll            |       |     6 |    13 |     5 |     6 |       ||    30
         Potion            |       |       |       |       |     1 |       ||     1
   Stab: Distracted        |       |       |       |     1 |       |       ||     1
         Petrified         |       |       |       |       |     2 |       ||     2
 Armour: Animal skin       |    52 |    11 |       |       |       |       ||    63
         Plate armour      |       |    26 |    97 |       |    66 |    63 ||   252
         Crystal plate arm |       |       |   126 |   476 |   580 |       ||  1182
  Dodge: Dodged            |    54 |    16 |    74 |    78 |   155 |    16 ||   393
  Block: Buckler           |       |       |    71 |    58 |       |       ||   129
         Kite shield       |       |       |       |   152 |       |       ||   152
         Reflection        |       |       |       |    18 |    48 |     8 ||    74
         Tower shield      |       |       |       |   369 |  1280 |   149 ||  1798
